 Dungeon Crawl Stone Soup version 0.29.1-2-gbd0b4ee654 (webtiles) character file.

Game seed: 6787929125759356541

7 qeuew the Sneak (level 1, -1/9 HPs)
             Began as a Spriggan Enchanter on Nov 11, 2022.
             Slain by a gnoll
             ... wielding a +0 spear
              (7 damage)
             ... on level 1 of the Dungeon.
             The game lasted 00:00:21 (286 turns).

qeuew the Sneak (Spriggan Enchanter)                 Turns: 286, Time: 00:00:22

Health: -1/9       AC:  2    Str:  4    XL:     1   Next: 83%
Magic:  5/5        EV: 17    Int: 16    God:
Gold:   19         SH:  0    Dex: 15    Spells: 5/5 levels left

rFire   . . .      SeeInvis +   a - +1 dagger
rCold   . . .      Faith    .   (no shield)
rNeg    . . .      Spirit   .   b - +0 robe
rPois   .          Reflect  .   (helmet restricted)
rElec   .          Harm     .   (no cloak)
rCorr   .          Rampage  .   (gloves unavailable)
Will    .....                   (boots unavailable)
Stlth   +++.......              (no amulet)
HPRegen 0.03/turn               (no ring)
MPRegen 0.09/turn               (no ring)

@: very quick
A: very small, no large weapons, unfitting armour, see invisible, speed 3
a: no special abilities


You were on level 1 of the Dungeon.
You visited 1 branch of the dungeon, and saw 2 of its levels.

You collected 19 gold pieces.

Inventory:

Hand Weapons
 a - a +1 dagger (weapon)
Armour
 b - a +0 robe (worn)
Scrolls
 d - a scroll of identify {unknown}
 e - a scroll of summoning {unknown}
Potions
 c - 2 potions of invisibility
 f - a potion of heal wounds {unknown}


   Skills:
 + Level 1.3 Short Blades
 + Level 2.9 Dodging
 + Level 4.6 Stealth
 + Level 2.8 Spellcasting
 + Level 3.7 Hexes


You had 5 spell levels left.
You didn't know any spells.
Your spell library contained the following spells:

 Spells                   Type           Power      Damage    Failure   Level
 Confusing Touch          Hex            14%        N/A       12%         3
 Tukima's Dance           Hex            14%        N/A       12%         3
 Ensorcelled Hibernation  Hex/Ice        16%        N/A       13%         2
 Dazzling Flash           Conj/Hex       16%        N/A       26%         3


Dungeon Overview and Level Annotations

Branches:
Dungeon (2/15)

Altars:


Innate Abilities, Weirdness & Mutations

You are very small and have problems with some larger weapons.
You are too small for most types of armour.
You have supernaturally acute eyesight. (SInv)
You cover ground extremely quickly. (Speed+++)


Message History

The bat misses you.
You hit the gnoll but do no damage.
The gnoll is moderately wounded.
The bat closely misses you. The gnoll completely misses you.
You hit the gnoll but do no damage.
The gnoll is moderately wounded.
The bat closely misses you. The gnoll barely misses you.
You barely miss the gnoll.
The gnoll is lightly wounded.
The gnoll misses you.
You hit the gnoll.
The gnoll is heavily wounded.
The bat completely misses you. The bat barely misses you.
The gnoll barely misses you.
You hit the gnoll.
The gnoll is heavily wounded.
The bat closely misses you. The gnoll closely misses you.
You barely miss the gnoll.
The gnoll is heavily wounded.
The bat completely misses you. The gnoll completely misses you.
You hit the gnoll but do no damage.
The gnoll is heavily wounded.
The gnoll barely misses you.
You closely miss the gnoll.
The gnoll is heavily wounded.
The bat barely misses you. The gnoll hits you but does no damage.
You hit the gnoll.
The gnoll is severely wounded.
The bat completely misses you. The gnoll misses you.
You closely miss the gnoll.
The gnoll is severely wounded.
The bat misses you. The gnoll hits you with a +0 spear.
You barely miss the gnoll.
The gnoll is severely wounded.
The bat barely misses you. The gnoll hits you but does no damage.
You hit the gnoll.
The gnoll is almost dead.
The bat misses you. The gnoll hits you with a +0 spear!
Ouch! That really hurt!
You die...

'.⌠.+≈~~..⌠...#
'.⌠.+~≈~..⌠..###
#...#≈~≈~......#####
#.#'#+#≈~~...#.....##
..#...+≈≈≈..........##
'##..(+≈≈~...........#
≈≈#+#+#≈≈~...........#
≈≈≈≈ ≈≈≈≈≈...........#
≈≈≈≈≈≈≈≈≈~.....b@....#
~≈≈~≈~~~~≈.....g.....#
....................!#
....................##
######.. ....#......#
#.###.#..... #.
#...##... ##..# ....


You could see a gnoll and a bat.

Vanquished Creatures
  An endoplasm (D:1)
  A giant cockroach (D:1)
  3 jackals (D:2)
5 creatures vanquished.

Notes
Turn   | Place    | Note
-------+----------+-------------------------------------------
     0 | D:1      | qeuew the Spriggan Enchanter began the quest for the Orb.
     0 | D:1      | Reached XP level 1. HP: 9/9 MP: 5/5
    12 | D:1      | You fall into a shaft and drop 1 floor!
   286 | D:1      | Slain by a gnoll

Illustrated notes

Levels and vault maps discovered:
D:1:      dpeg_arrival_castle, layout_rooms, minivault_23,
          hangedman_abyss_or_decor_lesser_grid, st_stairs_14,
          minmay_worlds_worst_comb
D:2:      layout_loops_cross, uniq_sigmund

Action                   || total
-------------------------++-------
Melee: Dagger            ||    34
 Stab: Sleeping          ||     2
Armor: Robe              ||     5
Dodge: Dodged            ||    38
